 Dungeon Crawl Stone Soup version 0.29-a0-91-gdebf4667c2 (webtiles) character file.

Game seed: 5412147054466622059

77 skittles the Conjurer (level 4, 0/33 HPs)
             Began as a Draconian Conjurer on Feb 9, 2022.
             Slain by an orc wizard (3 damage)
             ... on level 3 of the Dungeon.
             The game lasted 00:04:17 (2692 turns).

skittles the Conjurer (Draconian Conjurer)          Turns: 2692, Time: 00:04:17

Health: 0/33       AC:  5    Str: 10    XL:     4   Next: 13%
Magic:  4/8        EV: 12    Int: 20    God:
Gold:   53         SH:  0    Dex:  9    Spells: 5/8 levels left

rFire   . . .      SeeInvis .   h - +2 dagger (protect)
rCold   . . .      Faith    .   (no shield)
rNeg    . . .      Spirit   .   (armour unavailable)
rPois   .          Reflect  .   (helmet restricted)
rElec   .          Harm     .   (no cloak)
rCorr   .          Rampage  .   (no gloves)
Will    .....                   (no boots)
Stlth   ++........              (no amulet)
HPRegen 0.11/turn               (no ring)
MPRegen 0.11/turn               (no ring)

@: no status effects
A: AC +5, unfitting armour, cold-blooded
a: no special abilities


You were on level 3 of the Dungeon.
You visited 1 branch of the dungeon, and saw 3 of its levels.

You collected 53 gold pieces.

Inventory:

Hand Weapons
 c - a +0 dagger
 d - a +0 short sword
 h - a +2 dagger of protection (weapon)
 l - a +0 trident
Magical Staves
 k - a staff of poison
Scrolls
 a - 2 scrolls of magic mapping {unknown}
 b - a scroll of fear {unknown}
 e - a scroll of immolation {unknown}
 g - a scroll of summoning {unknown}
 i - a scroll of holy word {unknown}
 j - a scroll of silence {unknown}
Potions
 f - a potion of magic {unknown}
 m - a potion of brilliance {unknown}


   Skills:
 * Level 1.2 Short Blades
 - Level 1.7 Dodging
 - Level 1.7 Stealth
 * Level 2.6 Spellcasting
 + Level 5.0 Conjurations


You had 5 spell levels left.
You knew the following spells:

 Your Spells              Type           Power      Damage    Failure   Level
a - Magic Dart            Conj           88%        1d7       1%          1
b - Searing Ray           Conj           44%        2d6       2%          2

Your spell library contained the following spells:

 Spells                   Type           Power      Damage    Failure   Level
 Dazzling Flash           Conj/Hex       24%        N/A       16%         3
 Fulminant Prism          Conj/Hex       6%         3d7       45%         4
 Iskenderun's Mystic Bla  Conj/Tloc      12%        2d5       45%         4


Dungeon Overview and Level Annotations

Branches:
Dungeon (3/15)

Altars:
Trog


Innate Abilities, Weirdness & Mutations

Your plain brown scales are hard. (AC +5)
You cannot fit into any form of body armour.
You are cold-blooded and may be slowed by cold attacks.


Message History

Press: ? - help, Shift-Dir - straight line, f/p - orc wizard
Aim: an orc wizard, wielding a +0 falchion and wearing a +0 robe (lightly wounded, 72% to hit)
The searing ray misses the orc wizard. (Press . to maintain the ray.)
The searing ray hits the orc wizard.
The orc wizard is heavily wounded.
The orc wizard points at you and mumbles some strange words.
You are confused.
The orc wizard hits you with a +0 falchion.
The orc wizard points at you and mumbles some strange words.
The magic dart hits you.
The orc wizard casts a spell.
The orc wizard flickers and vanishes!
Deactivating autopickup; reactivate with Ctrl-A.
You feel less confused. Something hits you. Something hits you.
Items here: ))) [[ ÷ ††.
Things that are here:
a +0 dagger; an orc corpse
There is a stone staircase leading up, spattered with blood here.
You miss something. Something hits you but does no damage.
You closely miss something. Something hits you but does no damage.
You closely miss something. Something hits you.
You hit something but do no damage.
Your weapon exudes an aura of protection.
Your tail-slap misses something.
Something barely misses you.
You hit something. Something barely misses you.
You miss something. Something hits you.
You miss something. Something hits you.
You barely miss something. Something hits you.
* * * LOW HITPOINT WARNING * * *
You barely miss something.
Your tail-slap misses something.
You miss something. Something hits you but does no damage.
You miss something.
Your tail-slap misses something.
Something hits you.
* * * LOW HITPOINT WARNING * * *
You miss something.
Your tail-slap misses something.
Something hits you but does no damage.
You miss something.
Your tail-slap misses something.
Something hits you.
You die...

.. ... #..
... #...
#.####
#...###.##@#
........##{#
........##)#
........##.#
...........#
.......#####
.....).
.......
.......


There were no monsters in sight!

Vanquished Creatures
  An orc priest (D:3)
  A dart slug (D:1)
  3 orcs
  5 ball pythons
  3 bats
  2 endoplasms
  2 giant cockroaches (D:1)
  3 goblins
  5 hobgoblins
  7 kobolds
  A quokka (D:2)
  4 frilled lizards
  4 rats
41 creatures vanquished.

Notes
Turn   | Place    | Note
-------+----------+-------------------------------------------
     0 | D:1      | skittles the Draconian Conjurer began the quest for the
                  | Orb.
     0 | D:1      | Reached XP level 1. HP: 14/14 MP: 3/3
   234 | D:1      | Reached XP level 2. HP: 20/20 MP: 0/5
   312 | D:1      | Learned a level 2 spell: Searing Ray
  1577 | D:2      | Found a bloodstained altar of Trog.
  1594 | D:2      | Found a faded altar of an unknown god.
  1636 | D:2      | Reached XP level 3. HP: 26/26 MP: 2/6
  2559 | D:3      | Reached skill level 1 in Short Blades
  2559 | D:3      | Reached skill level 5 in Conjurations
  2559 | D:3      | Reached XP level 4. HP: 30/33 MP: 1/8
  2692 | D:3      | Slain by an orc wizard

Illustrated notes

Levels and vault maps discovered:
D:1:      dpeg_arrival_boxorama, layout_basic, feat_on_display
D:2:      layout_loops_ring, basic_altar, ebering_ecumenical_altar_mist
D:3:      layout_basic

Skill      XL: |  1  2  3 |
---------------+----------+-----
Short Blades   | 1 |  1.2
Conjurations   | 5 |  5.0
Dodging        | |  1.7
Stealth        | |  1.7
Spellcasting   | |  2.6

Action                   |  1- 3 |  4- 6 || total
-------------------------+-------+-------++-------
Melee: Short sword       |     5 |       ||     5
       Unarmed           |     3 |       ||     3
       Tailslap          |     1 |       ||     1
       Dagger            |     3 |    15 ||    18
 Cast: Magic Dart        |    53 |     5 ||    58
       Searing Ray       |     2 |     1 ||     3
Armor: Skin              |     6 |     5 ||    11
Dodge: Dodged            |    14 |     2 ||    16

Table legend: (Time is in decaauts)
 A = Elapsed time spent in this place.
 B = Non-inter-level travel time spent in this place.
 C = Inter-level travel time spent in this place.
 D = Time resting spent in this place.
 E = Time spent auto-exploring this place.
 F = Levels seen in this place.
 G = Mean time per level.
                   A        B        C        D        E       F      G
               +--------+--------+--------+--------+--------+-----+--------+
         Total |   2691 |   2636 |     55 |    405 |   1959 |   3 |  897.0 |
       Dungeon |   2691 |   2636 |     55 |    405 |   1959 |   3 |  897.0 |
               +--------+--------+--------+--------+--------+-----+--------+

Top non-repeatable levels by time:
     D:1: 1493 daAuts
     D:2: 1036 daAuts
     D:3: 161 daAuts
